 Dungeon Crawl Stone Soup version 0.24.1-8-ga250c9d538 (webtiles) character file.

Game seed: 12043091212245720366, levelgen mode: deterministic

1743 Gynju the Firebug (level 8, -2/63 HPs)
             Began as a Green Draconian Fire Elementalist on Apr 30, 2020.
             Slain by a two-headed ogre
             ... wielding a +0 dire flail
              (10 damage)
             ... on level 6 of the Dungeon.
             The game lasted 00:08:20 (7240 turns).

Gynju the Firebug (DrFE)                            Turns: 7240, Time: 00:08:21

Health: -2/63      AC: 10    Str: 10    XL:     8   Next: 77%
Magic:  13/16      EV: 13    Int: 20    God:
Gold:   418        SH:  0    Dex: 12    Spells: 14/18 levels left

rFire    . . .     SeeInvis +   l - +6 short sword (flame)
rCold    . . .     Gourm    .   (no shield)
rNeg     . . .     Faith    .   (armour unavailable)
rPois    +         Spirit   .   (helmet restricted)
rElec    .         Reflect  .   z - +1 cloak
rCorr    .         Harm     .   d - +0 pair of gloves
MR       .....                  y - +0 pair of boots
Stlth    ++++......             v - amulet of Kawk {RegenMP rPois Int+2}
HPRegen  0.20/turn              g - ring of see invisible
MPRegen  0.40/turn              j - ring of stealth

@: no status effects
A: breathe noxious fumes, unfitting armour, poison resistance, cold-blooded, AC
+6
a: Breathe Noxious Fumes


You were on level 6 of the Dungeon.
You were not hungry.

You visited 1 branch of the dungeon, and saw 6 of its levels.

You collected 418 gold pieces.

Inventory:

Hand Weapons
 l - a +6 short sword of flaming (weapon)
Armour
 d - a +0 pair of gloves (worn)
 y - a +0 pair of boots (worn)
 z - a +1 cloak (worn)
Jewellery
 g - a ring of see invisible (left hand)
 i - an uncursed ring of ice
 j - a ring of stealth (right hand)
 s - a +2 ring of dexterity {unknown}
 v - the amulet of Kawk (around neck) {RegenMP rPois Int+2}
   (You found it on level 4 of the Dungeon)

   [amulet of magic regeneration]

   It increases your magic regeneration.
   It affects your intelligence (+2).
   It protects you from poison.
Wands
 w - a wand of flame (21)
Scrolls
 a - 2 scrolls of fear
 e - a scroll of noise {unknown}
 f - a scroll of remove curse {@r2}
 m - 4 scrolls of identify {@r1}
 n - a scroll of teleportation
 p - 2 scrolls of magic mapping
 u - a scroll of enchant armour {unknown}
 x - 2 scrolls of amnesia {unknown}
Potions
 c - 4 potions of heal wounds {unknown}
 h - a potion of might {unknown}
 k - 3 potions of curing {unknown}
 o - a potion of mutation {unknown}
 q - 2 potions of flight {unknown}
 t - 2 potions of degeneration {unknown}
Comestibles
 b - 9 rations
 r - 7 chunks of flesh


   Skills:
 + Level 3.2 Fighting
 + Level 3.4 Dodging
 - Level 5.0 Stealth
 + Level 5.7 Spellcasting
 - Level 4.9 Conjurations
 - Level 5.7 Fire Magic


You had 14 spell levels left.
You knew the following spells:

 Your Spells              Type           Power        Failure   Level  Hunger
a - Flame Tongue          Conj/Fire      ####.        1%          1    None
b - Conjure Flame         Conj/Fire      ####....     3%          3    ##.....

Your spell library contained the following spells:

 Spells                   Type           Power        Failure   Level  Hunger
 Throw Flame              Conj/Fire      ####..       1%          2    None
 Inner Flame              Hex/Fire       ###.....     10%         3    ##.....
 Animate Skeleton         Necr           N/A          11%         1    None
 Apportation              Tloc           #.....       11%         1    None
 Confusing Touch          Hex            #.....       11%         1    None
 Corona                   Hex            #......      11%         1    None
 Summon Small Mammal      Summ           #...         11%         1    None
 Dazzling Spray           Conj/Hex       ###...       12%         3    ##.....
 Sticky Flame             Conj/Fire      ####....     12%         4    ####...
 Ensorcelled Hibernation  Hex/Ice        #.....       16%         2    None
 Confuse                  Hex            #.......     32%         3    ##.....
 Tukima's Dance           Hex            #.......     32%         3    ##.....
 Fireball                 Conj/Fire      ####......   32%         5    #####..


Dungeon Overview and Level Annotations

Branches:
Dungeon (6/15)
 Temple: D:4-7

Altars:
Gozag

Shops:
D:4 [   D:5 :


Innate Abilities, Weirdness & Mutations

You can breathe blasts of noxious fumes.
Your lurid green scales are hard. (AC +6)
You cannot fit into any form of body armour.
Your system is resistant to poisons. (rPois)
You are cold-blooded and may be slowed by cold attacks.


Message History

The worker ant is lightly wounded.
The worker ant bites you.
* * * LOW HITPOINT WARNING * * *
The quokka bites you.
* * * LOW HITPOINT WARNING * * *
You hit the worker ant. You burn the worker ant.
The worker ant is moderately wounded.
The jackal closely misses you.
The worker ant bites you but does no damage.
The quokka closely misses you. The two-headed ogre misses you.
The two-headed ogre barely misses you. The jackal misses you.
You closely miss the worker ant. You tail-slap the worker ant.
The worker ant is severely wounded.
The worker ant bites you but does no damage.
The quokka bites you.
* * * LOW HITPOINT WARNING * * *
The jackal bites you.
* * * LOW HITPOINT WARNING * * *
The two-headed ogre hits you with a +0 dire flail!
You die...

#.. ###...#....(....# #..
#...#.........# #.
#...#########.# #. #...##....#
#.# #...##....# #.# #...##..[.#
#.# ########## #...##....# #.#
.#..).....#####r###...)###.#
....†(...(.....O@a'....()#.#
.#.######+#####h##'....#.#.#
#.......#.........#...# #
#.......#....)....#...# #.#
#.......#.........#...# ##.#
#.......'.........#.#.##
...###.......#.........#....#
.............[#.....######..##
#..........##.#..............##


You could see a two-headed ogre, a worker ant, a quokka and a jackal.

Vanquished Creatures
  Grinder (D:3)
  Sigmund (D:2)
  An orc warrior (D:6)
  A phantom (D:4)
  2 ogres (D:4)
  A centaur (D:6)
  2 scorpions
  A bullfrog zombie (D:6)
  2 crimson imps
  2 orc priests
  A jelly (D:5)
  2 centaur skeletons
  2 iguanas
  Natasha (thrice) (D:2)
  4 orc wizards
  2 worker ants (D:6)
  Terence (D:3)
  A hound zombie (D:5)
  A hound skeleton (D:5)
  Robin (D:3)
  9 adders
  7 gnolls
  An adder skeleton (D:5)
  An adder zombie (D:5)
  4 worms
  3 leopard geckos
  14 orcs
  7 bats
  3 giant cockroaches
  7 goblins (D:3)
  5 hobgoblins
  6 jackals
  A quokka (D:4)
  4 ball pythons
  4 frilled lizards
  7 kobolds (D:2)
  A leopard gecko skeleton (D:3)
  A quokka skeleton (D:6)
  5 rats
122 creatures vanquished.

Notes
Turn   | Place    | Note
-------+----------+-------------------------------------------
     0 | D:1      | Gynju the Draconian Fire Elementalist began the quest for
                  | the Orb.
     0 | D:1      | Reached XP level 1. HP: 14/14 MP: 3/3
   469 | D:2      | Noticed Natasha
   473 | D:2      | Killed Natasha
   473 | D:2      | Reached XP level 2. HP: 20/20 MP: 1/5
   473 | D:2      | Reached XP level 3. HP: 26/26 MP: 1/6
   484 | D:2      | Noticed Natasha
   494 | D:2      | Killed Natasha
   501 | D:2      | Noticed Natasha
   640 | D:2      | Killed Natasha
   640 | D:2      | Reached XP level 4. HP: 33/33 MP: 3/7
   794 | D:2      | Found an opulent altar of Gozag.
   794 | D:2      | Noticed Sigmund
   808 | D:2      | Killed Sigmund
   808 | D:2      | Reached XP level 5. HP: 31/38 MP: 0/9
  1509 | D:2      | Reached XP level 6. HP: 45/45 MP: 8/10
  1932 | D:3      | Noticed Grinder
  2374 | D:3      | Killed Grinder
  2374 | D:3      | Your scales start taking on a lurid green colour.
  2374 | D:3      | Reached XP level 7. HP: 17/50 MP: 0/12
  2374 | D:3      | Gained mutation: Your system is resistant to poisons.
                  | (rPois) [Green Draconian growth]
  2594 | D:3      | Learned a level 3 spell: Conjure Flame
  2955 | D:3      | Noticed Terence
  2966 | D:3      | Killed Terence
  3213 | D:3      | Noticed Robin
  3227 | D:3      | Killed Robin
  3731 | D:3      | Reached skill level 5 in Fire Magic
  4370 | D:4      | Found Meoguest's Antique Armour Boutique.
  4508 | D:4      | Reached XP level 8. HP: 57/57 MP: 6/14
  4751 | D:4      | Reached skill level 5 in Stealth
  4858 | D:4      | Got a fine iron amulet
  5351 | D:4      | Identified the amulet of Kawk {RegenMP rPois Int+2} (You
                  | found it on level 4 of the Dungeon)
  5403 | D:5      | Entered Level 5 of the Dungeon
  5678 | D:5      | Found Rukan's Book Emporium.
  5776 | D:5      | Reached skill level 1 in Fighting
  5776 | D:5      | Reached skill level 5 in Spellcasting
  6733 | D:6      | Identified the +2 whip of Kekodem {slash, Int+4}
  7217 | D:6      | Noticed a two-headed ogre
  7240 | D:6      | Slain by a two-headed ogre

Levels and vault maps discovered:
D:1:      dpeg_arrival_water_fire, layout_basic
D:2:      layout_basic, nicolae_gozag_cash_rules_everything_around_me,
          uniq_natasha, uniq_sigmund
D:3:      layout_loops_cross, first_ration, uniq_grinder, uniq_terence,
          uniq_robin
D:4:      layout_cave_pods, serial_shops, nicolae_shop_statue_plus,
          guppyfry_early_lair_pool
D:5:      layout_loops_corners, serial_rivers, chequers_serial_rivers_room_a,
          chequers_serial_rivers_small_a, chequers_serial_rivers_micro_a,
          chequers_serial_rivers_micro_d, serial_shops, shop, chequers_avenue,
          kennysheep_dice
D:6:      layout_basic

Skill      XL: |  1  2  3  4  5  6  7  8 |
---------------+-------------------------+-----
Stealth        | 2 3 4 5 |  5.0
Conjurations   | 2 3 4 |  4.9
Spellcasting   | 3 4 5 |  5.7
Fire Magic     | 4 5 |  5.7
Dodging        | 3 |  3.4
Fighting       | 3 |  3.2

Action                   |  1- 3 |  4- 6 |  7- 9 || total
-------------------------+-------+-------+-------++-------
Melee: Short sword       |     8 |     9 |    19 ||    36
       Tailslap          |       |     1 |     2 ||     3
 Cast: Flame Tongue      |    12 |    86 |   231 ||   329
       Conjure Flame     |       |       |     1 ||     1
 Abil: Breathe Noxious F |       |       |     1 ||     1
  Use: Scroll            |       |     5 |     3 ||     8
  Eat: Chunk             |       |     4 |    12 ||    16
       Ration            |       |       |     1 ||     1
Armor: Skin              |     5 |    17 |    48 ||    70
Dodge: Dodged            |    17 |    34 |    88 ||   139
